 Dungeon Crawl Stone Soup version 0.30.1-5-ged363bc7ee (webtiles) character file.

Game seed: 670889511572069173

17 Amplified the Vexing (level 2, -1/21 HPs)
             Began as a Demonspawn Hexslinger on Sept 19, 2023.
             Succumbed to an adder's poison
             ... on level 2 of the Dungeon.
             The game lasted 00:00:53 (650 turns).

Amplified the Vexing (Demonspawn Hexslinger)         Turns: 650, Time: 00:00:54

Health: -1/21      AC:  2    Str: 10    XL:     2   Next: 44%
Magic:  3/4        EV: 12    Int: 14    God:
Gold:   30         SH:  0    Dex: 13    Spells: 2/3 levels left

rFire   . . .        a - +1 sling
rCold   . . .        (no shield)
rNeg    . . .        c - +0 robe
rPois   .            (no helmet)
rElec   .            (no cloak)
rCorr   .            (no gloves)
SInv    .            (no boots)
Will    .....        (no amulet)
Stlth   +            (no ring)
HPRegen 0.23/turn    (no ring)
MPRegen 0.09/turn

%: no passive effects
@: lethally poisoned (-1 -> -10)
A: demonic touch 1
a: no special abilities


You were on level 2 of the Dungeon.
You visited 1 branch of the dungeon, and saw 2 of its levels.

You collected 30 gold pieces.

Inventory:

Hand Weapons
 a - a +1 sling (weapon)
Armour
 c - a +0 robe (worn)
Scrolls
 b - a scroll of poison
 d - 2 scrolls of immolation
 e - 2 scrolls of identify
 f - 4 scrolls of magic mapping


   Skills:
 * Level 1.4 Fighting
 - Level 1.7 Ranged Weapons
 * Level 0.7 Armour
 - Level 1.7 Dodging
 * Level 1.4 Spellcasting
 * Level 3.2 Hexes


You had 2 spell levels left.
You knew the following spells:

 Your Spells              Type           Power      Damage    Failure   Level
a - Slow                  Hex            36%        N/A       7%          1

Your spell library contained the following spells:

 Spells                   Type           Power      Damage    Failure   Level
 Inner Flame              Hex/Fire       5%         N/A       36%         3
 Portal Projectile        Hex/Tloc       10%        N/A       36%         3
 Cause Fear               Hex            4%         N/A       56%         4


Dungeon Overview and Level Annotations

Branches:
Dungeon (2/15)

Altars:


Innate Abilities, Weirdness & Mutations

Your touch may inflict minor irresistible damage on your foes.


Message History

* * * LOW HITPOINT WARNING * * *
Unknown command.
Unknown command.
You are too injured to fight recklessly!
You shoot a sling bullet. The sling bullet misses the adder.
You feel sick.
You are no longer poisoned.
The adder barely misses you.
Unknown command.
You shoot a sling bullet.
The sling bullet closely misses the adder.
The adder closely misses you.
Unknown command.
Unknown command.
You aren't carrying any potions.
Unknown command.
Okay, then.
You shoot a sling bullet. The sling bullet hits the adder.
The adder is almost dead.
The adder barely misses you.
Unknown command.
You shoot a sling bullet.
The sling bullet barely misses the adder.
The adder barely misses you.
Unknown command.
You shoot a sling bullet.
The sling bullet barely misses the adder.
The adder bites you.
* * * LOW HITPOINT WARNING * * *
You are lethally poisoned!
The adder poisons you!
Your magical contamination has completely faded away.
You shoot a sling bullet.
The sling bullet barely misses the adder.
* * * LOW HITPOINT WARNING * * *
You feel sick. The adder bites you.
* * * LOW HITPOINT WARNING * * *
You are more poisoned.
The adder poisons you!
You shoot a sling bullet. The sling bullet misses the adder.
You die...

... ..# .. #.#...# .#
#.#...## .###......# #
..........# .#
...#.##...# ###.
..........# #..
..........#
###S###.#..
..........#
#..@.......
.#.######.#
#.#####.#>.
.#.######.# #.#####.#
.#.....†..####.......#
...........).......#..
##############.#####
#.# #.# ###


You could see an adder (slow).

Vanquished Creatures
  An endoplasm (D:2)
  4 goblins (D:1)
  2 hobgoblins (D:1)
  3 kobolds
  3 bats
  2 rats (D:1)
15 creatures vanquished.

Notes
Turn   | Place    | Note
-------+----------+-------------------------------------------
     0 | D:1      | Amplified the Demonspawn Hexslinger began the quest for the
                  | Orb.
     0 | D:1      | Reached XP level 1. HP: 15/15 MP: 2/2
   287 | D:1      | Gained mutation: Your touch may inflict minor irresistible
                  | damage on your foes. [demonic ancestry]
   287 | D:1      | Reached XP level 2. HP: 12/21 MP: 3/3
   650 | D:2      | Succumbed to an adder's poison

Illustrated notes

Levels and vault maps discovered:
D:1:      nagdon_arrival_double_spiral, layout_basic
D:2:      minmay_chambers_of_ones, layout_basic

Action                     || total
---------------------------++-------
   Fire: Sling             ||    61
   Cast: Slow              ||     1
    Use: Scroll            ||     2
 Armour: Robe              ||     8
  Dodge: Dodged            ||    22
